 Seeded DCSS version 0.31-a0-355-g57cb03d3e8 (webtiles) character file.

Game seed: 15379623461680144919 (custom seed)

40 bmack86 the Chopper (level 3, -6/31 HPs)
             Began as a Minotaur Fighter on July 25, 2023.
             Mangled by Sigmund
             ... wielding a +0 scythe
              (10 damage)
             ... on level 2 of the Dungeon.
             The game lasted 00:02:49 (1407 turns).

bmack86 the Chopper (Minotaur Fighter)              Turns: 1407, Time: 00:02:50

Health: -6/31      AC:  9    Str: 22    XL:     3   Next: 30%
Magic:  2/2        EV:  9    Int:  5    God:
Gold:   110        SH:  4    Dex:  9    Spells: 2/2 levels left

rFire   . . .        a - +0 war axe
rCold   . . .        c - +0 buckler
rNeg    . . .        b - +1 scale mail
rPois   .            (helmet restricted)
rElec   .            (no cloak)
rCorr   .            (no gloves)
SInv    .            m - +0 pair of boots
Will    +....        (no amulet) Stlth
                     l - ring of willpower
HPRegen 0.25/turn    (no ring)
MPRegen 0.08/turn

%: no passive effects
@: mighty
A: horns 2, retaliatory headbutt
a: no special abilities


You were on level 2 of the Dungeon.
You visited 1 branch of the dungeon, and saw 2 of its levels.

You collected 110 gold pieces.

Inventory:

Hand Weapons
 a - a +0 war axe (weapon)
Armour
 b - a +1 scale mail (worn)
 c - a +0 buckler (worn)
 m - a +0 pair of boots (worn)
Jewellery
 l - a ring of willpower (left hand)
Scrolls
 j - a scroll of enchant weapon {unknown}
 n - a scroll of identify
Potions
 e - 2 potions of curing
 f - a potion of magic {unknown}
 g - a potion of brilliance {unknown}
 h - a potion of enlightenment {unknown}
 i - a potion of degeneration {unknown}
 k - a potion of mutation {unknown}


   Skills:
 - Level 3.6 Fighting
 + Level 4.6 Axes
 - Level 3.6 Armour
 - Level 3.6 Shields


You had 2 spell levels left.
You didn't know any spells.
Your spell library contained the following spells:

 Spells                   Type           Power      Damage    Failure   Level
 Ensorcelled Hibernation  Hex/Ice        0%         N/A       95%         2
 Anguish                  Hex/Necr       0%         N/A       100%        4


Dungeon Overview and Level Annotations

Branches:
Dungeon (2/15)

Altars:

Shops:
D:2 (=(

Annotations:
D:2 Sigmund


Innate Abilities, Weirdness & Mutations

You have a pair of horns on your head.
You reflexively headbutt those who attack you in melee.


Message History

Found a stone staircase leading down.
Found a stone staircase leading down.
n - a scroll of identify You pick up a book of Dreams and begin reading...
You add the spells Ensorcelled Hibernation and Anguish to your library.
Sigmund the Dreaded comes into view.
He is wielding a +0 scythe.
Sigmund shouts!
Sigmund moves out of view.
Sigmund barely misses you.
You barely miss Sigmund. Sigmund casts a spell at you.
You resist with almost no effort. Sigmund barely misses you.
You barely miss Sigmund. You slash Sigmund!
Sigmund is moderately wounded.
Sigmund completely misses you.
You barely miss Sigmund.
Sigmund is moderately wounded.
Sigmund hits you with a +0 scythe.
You barely miss Sigmund.
Sigmund is moderately wounded.
Sigmund gestures at you while chanting. The magic dart hits you.
You barely miss Sigmund.
Sigmund is moderately wounded.
Sigmund gestures wildly while chanting.
Sigmund flickers and vanishes!
Deactivating autopickup; reactivate with Ctrl-A.
You completely miss something. Your headbutt misses something.
Something hits you!
You barely miss something. Something hits you.
* * * LOW HITPOINT WARNING * * *
You hit something. You headbutt something. Something hits you.
* * * LOW HITPOINT WARNING * * *
You feel better. Something hits you!
* * * LOW HITPOINT WARNING * * *
You slash something! Your headbutt misses something.
You feel very mighty all of a sudden. Something hits you!
You die...

#.. #.. #.P #.P
##### #.. .... #..
#.. #.P #{# #.. #@#
##.. #.#### #...
#....### #...
####...########...
#.............P
####...###.####...
#..........# #.#.
............####.#.
##...............#.


There were no monsters in sight!

Vanquished Creatures
  An adder (D:2)
  A worm (D:2)
  2 bats
  3 endoplasms (D:1)
  2 goblins
  2 hobgoblins
  4 kobolds
  2 quokkas
  3 ball pythons
  3 frilled lizards
  6 rats
29 creatures vanquished.

Notes
Turn   | Place    | Note
-------+----------+-------------------------------------------
     0 | D:1      | bmack86 the Minotaur Fighter began the quest for the Orb.
     0 | D:1      | Reached XP level 1. HP: 19/19 MP: 0/0
   147 | D:1      | Reached skill level 3 in Axes
   289 | D:1      | Reached XP level 2. HP: 26/26 MP: 1/1
   834 | D:2      | Reached skill level 4 in Axes
   929 | D:2      | Found Cyintuw's Antique Weapon Boutique.
  1065 | D:2      | Reached XP level 3. HP: 23/31 MP: 2/2
  1214 | D:2      | Found Lust's Weapon Shop.
  1218 | D:2      | Found Adud Vul's Jewellery Boutique.
  1392 | D:2      | Noticed Sigmund
  1407 | D:2      | Mangled by Sigmund

Illustrated notes

Levels and vault maps discovered:
D:1:      lightli_arrival_statue_moat, layout_basic
D:2:      layout_loops_ring, serial_shops, nicolae_shop_waterfront,
          nicolae_shop_stone, shop, chequers_arboretum, nrook_campfire,
          kennysheep_boxes, uniq_sigmund

Skill      XL: |  1  2 |
---------------+-------+-----
Axes           | 3 4 |  4.6
Fighting       | |  3.6
Armour         | |  3.6
Shields        | |  3.6

Action                     || total
---------------------------++-------
  Melee: War axe           ||    65
         Headbutt          ||     8
    Use: Scroll            ||     4
         Potion            ||     2
 Armour: Scale mail        ||    29
  Dodge: Dodged            ||    21
  Block: Buckler           ||     8

Table legend: (Time is in decaauts)
 A = Elapsed time spent in this place.
 B = Non-inter-level travel time spent in this place.
 C = Inter-level travel time spent in this place.
 D = Time resting spent in this place.
 E = Time spent auto-exploring this place.
 F = Levels seen in this place.
 G = Mean time per level.
                   A        B        C        D        E       F      G
               +--------+--------+--------+--------+--------+-----+--------+
         Total |   1427 |   1410 |     17 |      0 |    974 |   2 |  713.5 |
       Dungeon |   1427 |   1410 |     17 |      0 |    974 |   2 |  713.5 |
               +--------+--------+--------+--------+--------+-----+--------+

Top non-repeatable levels by time:
     D:1: 822 daAuts
     D:2: 604 daAuts
